TOP OF THE 1ST |
Philadelphia Phillies batting - Pitching for San Francisco Giants : RHP Ronnie Sims
|
Pitching: RHP Ronnie Sims
|
|
Batting: RHB Andy Ramirez
|
0-0: Called Strike 0-1: Ball 1-1: Foul Ball, location: 2F 1-2: Foul Ball, location: 2F 1-2: Foul Ball, location: 2F 1-2: SINGLE (Flyball, 7LS, EV 93.8 MPH)
|
Batting: RHB Paul Molitor
|
0-0: Ball 1-0: Swinging Strike 1-1: Fly out, F8 (Flyball, 8RXD, EV 91.9 MPH) Runner from 1st tags up, SAFE at 2nd
|
Batting: LHB Tony Gwynn
|
0-0: Ball 1-0: Ball 2-0: Fly out, F4 (Popup, 4S, EV 78.1 MPH)
|
Batting: RHB Candy Maldonado
|
0-0: Ball 1-0: Called Strike 1-1: Ball Wild Pitch! Andy Ramirez to third 2-1: 2-RUN HOME RUN (Flyball, 7LD, EV 108.1 MPH), Distance : 385 ft
|
Batting: LHB Ken Phelps
|
0-0: Ball 1-0: Ball 2-0: Foul Ball, location: 2F 2-1: Foul Ball, location: 2F 2-2: Ball 3-2: Strikes out swinging
|
Top of the 1st over - 2 runs, 2 hits, 0 errors, 0 left on base; Philadelphia 2 - San Francisco 0 |
BOTTOM OF THE 1ST |
San Francisco Giants batting - Pitching for Philadelphia Phillies : LHP Larry McWilliams
|
Pitching: LHP Larry McWilliams
|
|
Batting: SHB Kevin Bass
|
0-0: Ball 1-0: Ground out 6-3 (Groundball, 6M, EV 80.0 MPH)
|
Batting: LHB Ken Griffey Sr
|
0-0: Ball 1-0: Called Strike 1-1: Foul Ball, location: 2F 1-2: Ball 2-2: Ball 3-2: SINGLE (Line Drive, 89S, EV 93.1 MPH)
|
Batting: LHB Keith Hernandez
|
0-0: Called Strike 0-1: Ball 1-1: Ball 2-1: SINGLE (Groundball, 34D, EV 105.0 MPH) Ken Griffey Sr to second Runner from 2nd tries for 3rd, SAFE, throw by RF made to third
|
Batting: RHB Phil Bailey
|
0-0: Ball 1-0: Called Strike 1-1: Ball 2-1: Swinging Strike 2-2: Ball 3-2: Base on Balls Keith Hernandez to second
|
Batting: RHB Don Slaught
|
0-0: Ball 1-0: Fly out, F9 (Flyball, 89S, EV 88.1 MPH)
|
Batting: RHB Kevin Howard
|
0-0: Ball 1-0: DOUBLE (Line Drive, 9LM, EV 105.6 MPH) Ken Griffey Sr scores Keith Hernandez scores Phil Bailey to third Runner from 3rd tries for Home, SAFE, throw by RF to trailing runner, SAFE at third!
|
Batting: SHB Tyler O'Dell
|
0-0: Ball 1-0: Swinging Strike 1-1: Foul Ball, location: 2F 1-2: Ground out 6-3 (Groundball, 6, EV 86.9 MPH)
|
Bottom of the 1st over - 3 runs, 3 hits, 0 errors, 1 left on base; Philadelphia 2 - San Francisco 3 |
TOP OF THE 2ND |
Philadelphia Phillies batting - Pitching for San Francisco Giants : RHP Ronnie Sims
|
Batting: LHB Lou Whitaker
|
0-0: Foul Ball, location: 2F 0-1: Foul Ball, location: 2F 0-2: Foul Ball, location: 2F 0-2: Ball 1-2: SINGLE (Groundball, 34S, EV 64.4 MPH) (infield hit)
|
Batting: RHB Jody Davis
|
0-0: Ball 1-0: Fielders Choice at 2nd, 5-4 (Groundball, 5S, EV 84.4 MPH)
|
Batting: LHB Cecil Cooper
|
0-0: Called Strike 0-1: Ball 1-1: Ball 2-1: Ball 3-1: Foul Ball, location: 2F 3-2: 2-RUN HOME RUN (Flyball, 9D, EV 101.3 MPH), Distance : 386 ft
|
Batting: LHB Larry McWilliams
|
0-0: Ball 1-0: Ball 2-0: Swinging Strike 2-1: Ball 3-1: Foul Ball, location: 2F 3-2: Foul Ball, location: 2F 3-2: Base on Balls
|
Batting: RHB Andy Ramirez
|
0-0: Ball 1-0: SINGLE (Line Drive, 4MD, EV 100.0 MPH) Larry McWilliams to second Runner from 2nd tries for 3rd, SAFE, no throw by CF
|
Batting: RHB Paul Molitor
|
0-0: Ball 1-0: Ground out 6-3 (Groundball, 6M, EV 104.4 MPH) Larry McWilliams scores Andy Ramirez to second
|
Batting: LHB Tony Gwynn
|
0-0: Ball 1-0: Foul Ball, location: 2F 1-1: Fly out, F9 (Flyball, 9S, EV 91.9 MPH)
|
Top of the 2nd over - 3 runs, 3 hits, 0 errors, 1 left on base; Philadelphia 5 - San Francisco 3 |
BOTTOM OF THE 2ND |
San Francisco Giants batting - Pitching for Philadelphia Phillies : LHP Larry McWilliams
|
Batting: RHB Dickie Thon
|
0-0: Foul Ball, location: 2F 0-1: Ground out 6-3 (Groundball, 56, EV 98.1 MPH)
|
Batting: RHB Ronnie Sims
|
0-0: Ground out 6-3 (Groundball, 6, EV 78.1 MPH)
|
Batting: SHB Kevin Bass
|
0-0: Hit by Pitch
|
Batting: LHB Ken Griffey Sr
|
0-0: Foul Ball, location: 2F 0-1: Ground out U3 (Groundball, 3, EV 84.4 MPH)
|
Bottom of the 2nd over - 0 runs, 0 hits, 0 errors, 1 left on base; Philadelphia 5 - San Francisco 3 |
TOP OF THE 3RD |
Philadelphia Phillies batting - Pitching for San Francisco Giants : RHP Ronnie Sims
|
Batting: RHB Candy Maldonado
|
0-0: Called Strike 0-1: Called Strike 0-2: Foul Ball, location: 2F 0-2: Ball 1-2: Ball 2-2: Strikes out swinging
|
Batting: LHB Ken Phelps
|
0-0: Ball 1-0: Ball 2-0: Called Strike 2-1: Fly out, F5 (Popup, 25F, EV 81.9 MPH)
|
Batting: LHB Lou Whitaker
|
0-0: Called Strike 0-1: Ball 1-1: Foul Ball, location: 2F 1-2: Strikes out swinging
|
Top of the 3rd over - 0 runs, 0 hits, 0 errors, 0 left on base; Philadelphia 5 - San Francisco 3 |
BOTTOM OF THE 3RD |
San Francisco Giants batting - Pitching for Philadelphia Phillies : LHP Larry McWilliams
|
Batting: LHB Keith Hernandez
|
0-0: Hit by Pitch
|
Batting: RHB Phil Bailey
|
0-0: Ball 1-0: Ball 2-0: Foul Ball, location: 2F 2-1: Foul Ball, location: 2F 2-2: Foul Ball, location: 2F 2-2: Ball 3-2: DOUBLE (Line Drive, 78XD, EV 102.5 MPH) Keith Hernandez to third
|
Batting: RHB Don Slaught
|
0-0: Ball 1-0: Swinging Strike 1-1: Fly out, F7 (Flyball, 7D, EV 88.1 MPH) Runner from 3rd tags up, SCORES, throw by LF Phil Bailey to third
|
Batting: RHB Kevin Howard
|
0-0: Foul Ball, location: 2F 0-1: Ground out 5-3 (Groundball, 56, EV 78.1 MPH) Phil Bailey scores
|
Batting: SHB Tyler O'Dell
|
0-0: Foul Ball, location: 2F 0-1: Ball 1-1: Swinging Strike 1-2: Foul Ball, location: 2F 1-2: Fly out, F1 (Line Drive, P, EV 65.0 MPH)
|
Bottom of the 3rd over - 2 runs, 1 hit, 0 errors, 0 left on base; Philadelphia 5 - San Francisco 5 |
TOP OF THE 4TH |
Philadelphia Phillies batting - Pitching for San Francisco Giants : RHP Ronnie Sims
|
Batting: RHB Jody Davis
|
0-0: Foul Ball, location: 2F 0-1: Ball 1-1: Ball 2-1: Ground out 5-3 (Groundball, 56, EV 103.8 MPH)
|
Batting: LHB Cecil Cooper
|
0-0: Swinging Strike 0-1: Fly out, F9 (Flyball, 9D, EV 106.9 MPH)
|
Batting: LHB Larry McWilliams
|
0-0: Swinging Strike 0-1: Called Strike 0-2: Strikes out swinging
|
Top of the 4th over - 0 runs, 0 hits, 0 errors, 0 left on base; Philadelphia 5 - San Francisco 5 |
BOTTOM OF THE 4TH |
San Francisco Giants batting - Pitching for Philadelphia Phillies : LHP Larry McWilliams
|
Batting: RHB Dickie Thon
|
0-0: Called Strike 0-1: Called Strike 0-2: Strikes out swinging, 2-3 out at first.
|
Pinch Hitting: SHB Larry Reynolds
|
0-0: Ball 1-0: Called Strike 1-1: SINGLE (Line Drive, 7S, EV 105.0 MPH)
|
Batting: SHB Kevin Bass
|
0-0: Called Strike 0-1: Called Strike 0-2: Foul Ball, location: 2F 0-2: SINGLE (Groundball, 56D, EV 95.0 MPH) Larry Reynolds to second Runner from 2nd tries for 3rd, SAFE, throw by LF made to third Kevin Bass to second
|
Batting: LHB Ken Griffey Sr
|
0-0: Called Strike 0-1: Ball 1-1: Ground out 4-3 (Groundball, 4M, EV 84.4 MPH) Larry Reynolds scores Kevin Bass to third
|
Batting: LHB Keith Hernandez
|
0-0: Ball 1-0: Ball 2-0: Ball 3-0: Fly out, F7 (Flyball, 7, EV 97.5 MPH)
|
Bottom of the 4th over - 1 run, 2 hits, 0 errors, 1 left on base; Philadelphia 5 - San Francisco 6 |
TOP OF THE 5TH |
Philadelphia Phillies batting - Pitching for San Francisco Giants : RHP Ronnie Sims
|
Pitching: RHP Wayne Twitchell
|
|
Batting: RHB Andy Ramirez
|
0-0: Ball 1-0: Called Strike 1-1: Ball 2-1: Foul Ball, location: 2F 2-2: Fly out, F7 (Flyball, 7D, EV 98.8 MPH)
|
Batting: RHB Paul Molitor
|
0-0: Called Strike 0-1: Foul Ball, location: 2F 0-2: Ball 1-2: Ball 2-2: Ball 3-2: SINGLE (Groundball, 56D, EV 110.6 MPH)
|
Batting: LHB Tony Gwynn
|
0-0: Foul Ball, location: 2F 0-1: Called Strike 0-2: Foul Ball, location: 2F 0-2: Strikes out swinging
|
Batting: RHB Candy Maldonado
|
0-0: Called Strike Paul Molitor steals 2nd base 0-1: Ball 1-1: Ball 2-1: Ball 3-1: Swinging Strike 3-2: Fly out, F8 (Flyball, 8RXD, EV 91.3 MPH)
|
Top of the 5th over - 0 runs, 1 hit, 0 errors, 1 left on base; Philadelphia 5 - San Francisco 6 |
BOTTOM OF THE 5TH |
San Francisco Giants batting - Pitching for Philadelphia Phillies : LHP Larry McWilliams
|
Pitching: RHP Tony Villa
|
|
Batting: RHB Phil Bailey
|
0-0: Foul Ball, location: 2F 0-1: Ball 1-1: Ball 2-1: Fly out, F6 (Line Drive, 6, EV 70.0 MPH)
|
Batting: RHB Don Slaught
|
0-0: Ground out 5-3 (Groundball, 15, EV 88.8 MPH)
|
Batting: RHB Kevin Howard
|
0-0: Ground out 4-3 (Groundball, 4, EV 90.0 MPH)
|
Bottom of the 5th over - 0 runs, 0 hits, 0 errors, 0 left on base; Philadelphia 5 - San Francisco 6 |
TOP OF THE 6TH |
Philadelphia Phillies batting - Pitching for San Francisco Giants : RHP Wayne Twitchell
|
Batting: LHB Ken Phelps
|
0-0: Ball 1-0: Ball 2-0: Swinging Strike 2-1: Foul Ball, location: 2F 2-2: Strikes out looking
|
Batting: LHB Lou Whitaker
|
0-0: Ball 1-0: Ball 2-0: Fly out, F7 (Flyball, 7LD, EV 103.1 MPH)
|
Batting: RHB Jody Davis
|
0-0: Ball 1-0: Called Strike 1-1: Ball 2-1: SINGLE (Groundball, 6S, EV 66.9 MPH) (infield hit)
|
Batting: LHB Cecil Cooper
|
0-0: Called Strike 0-1: Ball 1-1: Called Strike 1-2: Ground out U3 (Groundball, 3, EV 100.0 MPH)
|
Top of the 6th over - 0 runs, 1 hit, 0 errors, 1 left on base; Philadelphia 5 - San Francisco 6 |
BOTTOM OF THE 6TH |
San Francisco Giants batting - Pitching for Philadelphia Phillies : RHP Tony Villa
|
Batting: SHB Tyler O'Dell
|
0-0: Foul Ball, location: 2F 0-1: Ground out 4-3 (Groundball, 4MS, EV 88.8 MPH)
|
Batting: RHB Dickie Thon
|
0-0: Ball 1-0: Called Strike 1-1: Ball 2-1: Ball 3-1: Called Strike 3-2: Foul Ball, location: 2F 3-2: Foul Ball, location: 2F 3-2: Strikes out swinging
|
Pinch Hitting: LHB Doug Frobel
|
0-0: Ball 1-0: Fly out, F9 (Flyball, 9S, EV 81.9 MPH)
|
Bottom of the 6th over - 0 runs, 0 hits, 0 errors, 0 left on base; Philadelphia 5 - San Francisco 6 |
TOP OF THE 7TH |
Philadelphia Phillies batting - Pitching for San Francisco Giants : RHP Wayne Twitchell
|
Pitching: RHP Dan O'Brien
|
|
Pinch Hitting: RHB Dan Thomas
|
0-0: Foul Ball, location: 2F 0-1: Ground out 4-3 (Groundball, 4M, EV 101.9 MPH)
|
Batting: RHB Andy Ramirez
|
0-0: Ground out 6-3 (Groundball, 6, EV 101.3 MPH)
|
Batting: RHB Paul Molitor
|
0-0: Swinging Strike 0-1: Ball 1-1: Ground out 6-3 (Groundball, 6S, EV 68.1 MPH)
|
Top of the 7th over - 0 runs, 0 hits, 0 errors, 0 left on base; Philadelphia 5 - San Francisco 6 |
BOTTOM OF THE 7TH |
San Francisco Giants batting - Pitching for Philadelphia Phillies : RHP Tony Villa
|
Pitching: RHP Stan Jakubowski
|
|
Batting: SHB Kevin Bass
|
0-0: Called Strike 0-1: Foul Ball, location: 2F 0-2: Ball 1-2: Strikes out swinging
|
Batting: LHB Ken Griffey Sr
|
0-0: SINGLE (Groundball, 56D, EV 96.9 MPH)
|
Batting: LHB Keith Hernandez
|
0-0: Hit by Pitch Ken Griffey Sr to second
|
Batting: RHB Phil Bailey
|
0-0: Ball 1-0: Called Strike 1-1: Swinging Strike 1-2: SINGLE (Groundball, 34S, EV 68.1 MPH) (infield hit) Ken Griffey Sr to third Keith Hernandez to second
|
Batting: RHB Don Slaught
|
0-0: Fly out, F6 (Popup, 4MD, EV 68.8 MPH)
|
Batting: RHB Kevin Howard
|
0-0: Called Strike 0-1: Ground out 1-3 (Groundball, P, EV 70.0 MPH)
|
Bottom of the 7th over - 0 runs, 2 hits, 0 errors, 3 left on base; Philadelphia 5 - San Francisco 6 |
TOP OF THE 8TH |
Philadelphia Phillies batting - Pitching for San Francisco Giants : RHP Dan O'Brien
|
Batting: LHB Tony Gwynn
|
0-0: Called Strike 0-1: Called Strike 0-2: Ball 1-2: Strikes out swinging
|
Batting: RHB Candy Maldonado
|
0-0: Ball 1-0: Foul Ball, location: 2F 1-1: Foul Ball, location: 2F 1-2: Strikes out swinging
|
Batting: LHB Ken Phelps
|
0-0: Called Strike 0-1: Foul Ball, location: 2F 0-2: Foul Ball, location: 2F 0-2: Ball 1-2: Strikes out swinging
|
Top of the 8th over - 0 runs, 0 hits, 0 errors, 0 left on base; Philadelphia 5 - San Francisco 6 |
BOTTOM OF THE 8TH |
San Francisco Giants batting - Pitching for Philadelphia Phillies : RHP Stan Jakubowski
|
Batting: SHB Tyler O'Dell
|
0-0: Ball 1-0: Ground out 4-3 (Groundball, 4, EV 105.0 MPH)
|
Batting: RHB Dickie Thon
|
0-0: Ball 1-0: SINGLE (Groundball, 6MD, EV 94.4 MPH)
|
Pinch Hitting: LHB Kevin Christensen
|
0-0: Foul Ball, location: 2F 0-1: Ball 1-1: Ball 2-1: Swinging Strike 2-2: Fielders Choice at 2nd, 4-6 (Groundball, 4, EV 83.1 MPH)
|
Batting: SHB Kevin Bass
|
0-0: Ball Kevin Christensen steals 2nd base 1-0: Fly out, F8 (Line Drive, 8LM, EV 95.0 MPH)
|
Bottom of the 8th over - 0 runs, 1 hit, 0 errors, 1 left on base; Philadelphia 5 - San Francisco 6 |
TOP OF THE 9TH |
Philadelphia Phillies batting - Pitching for San Francisco Giants : RHP Dan O'Brien
|
Pitching: RHP Ross Davis
|
|
Batting: LHB Lou Whitaker
|
0-0: Called Strike 0-1: SINGLE (Flyball, 78S, EV 93.8 MPH)
|
Pinch Hitting: LHB Terry Bogener
|
0-0: Bunted foul 0-1: Sac Bunt to 15 - play at first, batter OUT! 1-4 Lou Whitaker to second
|
Batting: LHB Cecil Cooper
|
0-0: Ball 1-0: Foul Ball, location: 2F 1-1: Ground out 4-3 (Groundball, 4, EV 87.5 MPH) Lou Whitaker to third
|
Pinch Hitting: RHB Andre Dawson
|
0-0: Called Strike 0-1: SINGLE (Groundball, 4MD, EV 93.8 MPH) Lou Whitaker scores
|
Batting: RHB Andy Ramirez
|
0-0: Ball 1-0: Fly out, F4 (Popup, 4D, EV 58.1 MPH)
|
Top of the 9th over - 1 run, 2 hits, 0 errors, 1 left on base; Philadelphia 6 - San Francisco 6 |
BOTTOM OF THE 9TH |
San Francisco Giants batting - Pitching for Philadelphia Phillies : RHP Stan Jakubowski
|
Pitching: LHP Michael Morrison
|
|
Now at C: Mike Diaz
|
|
Batting: LHB Ken Griffey Sr
|
0-0: Called Strike 0-1: Ball 1-1: Swinging Strike 1-2: Strikes out swinging
|
Batting: LHB Keith Hernandez
|
0-0: Ball 1-0: Called Strike 1-1: Foul Ball, location: 2F 1-2: Fly out, F7 (Flyball, 7, EV 95.6 MPH)
|
Batting: RHB Phil Bailey
|
0-0: Ball 1-0: Ball 2-0: Called Strike 2-1: Fly out, F8 (Flyball, 8LD, EV 100.0 MPH)
|
Bottom of the 9th over - 0 runs, 0 hits, 0 errors, 0 left on base; Philadelphia 6 - San Francisco 6 |
TOP OF THE 10TH |
Philadelphia Phillies batting - Pitching for San Francisco Giants : RHP Ross Davis
|
Batting: RHB Paul Molitor
|
0-0: SINGLE (Flyball, 7S, EV 90.0 MPH)
|
Batting: LHB Tony Gwynn
|
0-0: Ball Paul Molitor steals 2nd base 1-0: Intentional Walk
|
Batting: RHB Candy Maldonado
|
0-0: Swinging Strike 0-1: Called Strike 0-2: Ball 1-2: Foul Ball, location: 2F 1-2: Ball 2-2: Foul Ball, location: 2F 2-2: Ball 3-2: Base on Balls Paul Molitor to third Tony Gwynn to second
|
Batting: LHB Ken Phelps
|
0-0: Called Strike 0-1: Ball 1-1: Grounds into fielders choice 4-2 (Groundball, 4M, EV 77.5 MPH) Tony Gwynn to third Candy Maldonado to second
|
Batting: LHB Lou Whitaker
|
0-0: Called Strike 0-1: Foul Ball, location: 2F 0-2: Ball 1-2: Ball 2-2: SINGLE (Line Drive, 9S, EV 111.3 MPH) Tony Gwynn scores Candy Maldonado to third Ken Phelps to second Runner from 3rd tries for Home, SAFE, throw by RF to home
|
Batting: RHB Mike Diaz
|
0-0: Swinging Strike 0-1: Ball 1-1: Swinging Strike 1-2: Ball 2-2: Foul Ball, location: 2F 2-2: Strikes out swinging
|
Pitching: LHP Doug Capilla
|
|
Batting: LHB Cecil Cooper
|
0-0: Foul Ball, location: 2F 0-1: Ground out 6-3 (Groundball, 4M, EV 106.3 MPH)
|
Top of the 10th over - 2 runs, 2 hits, 0 errors, 2 left on base; Philadelphia 8 - San Francisco 6 |
BOTTOM OF THE 10TH |
San Francisco Giants batting - Pitching for Philadelphia Phillies : LHP Michael Morrison
|
Batting: RHB Don Slaught
|
0-0: Foul Ball, location: 9LSF, Error on foul ball, E9 0-1: Called Strike 0-2: Strikes out looking
|
Batting: RHB Kevin Howard
|
0-0: Ball 1-0: Ball 2-0: Ball 3-0: Foul Ball, location: 2F 3-1: Called Strike 3-2: Base on Balls
|
|
|